 Dungeon Crawl Stone Soup version 0.29.1-2-gbd0b4ee654 (webtiles) character file.

Game seed: 15422600474865846874

44 qeuew the Trooper (level 3, -4/29 HPs)
             Began as a Demonspawn Abyssal Knight on Nov 11, 2022.
             Was a Believer of Lugonu.
             Slain by a worm (10 damage)
             ... on level 2 of the Dungeon.
             The game lasted 00:02:10 (1492 turns).

qeuew the Trooper (Demonspawn Abyssal Knight)       Turns: 1492, Time: 00:02:11

Health: -4/29      AC:  3    Str: 14 (15) XL:     3   Next: 39%
Magic:  5/5        EV: 11    Int:  9 (11) God:    Lugonu [**....]
Gold:   807        SH:  0    Dex: 12 (13) Spells: 2/2 levels left

rFire   . . .      SeeInvis .   a - +2 hand axe
rCold   . . .      Faith    .   (no shield)
rNeg    . . .      Spirit   .   b - +0 leather armour
rPois   .          Reflect  .   (helmet restricted)
rElec   .          Harm     .   (no cloak)
rCorr   .          Rampage  .   (no gloves)
Will    .....                   (no boots)
Stlth   +.........              (no amulet)
HPRegen 0.09/turn               (no ring)
MPRegen 0.09/turn               (no ring)

@: no status effects
A: horns 1, ignite blood 1
a: Renounce Religion, Depart the Abyss, Bend Space


You were on level 2 of the Dungeon.
You worshipped Lugonu.
Lugonu was pleased with you.
You visited 1 branch of the dungeon, and saw 2 of its levels.
You visited the Abyss 1 time.

You collected 807 gold pieces.

Inventory:

Hand Weapons
 a - a +2 hand axe (weapon)
Armour
 b - a +0 leather armour (worn)
Jewellery
 j - a ring of resist corrosion
Scrolls
 c - a scroll of identify
Potions
 h - a potion of brilliance


   Skills:
 + Level 3.3 Fighting
 + Level 2.2 Axes
 + Level 2.2 Armour
 + Level 1.4 Dodging
 + Level 3.1 Invocations


You had 2 spell levels left.
You didn't know any spells.
Your spell library was empty.

Dungeon Overview and Level Annotations

Branches:
Dungeon (2/15)

Altars:


Innate Abilities, Weirdness & Mutations

You have a pair of small horns on your head.
Your demonic aura sometimes causes spilled blood to erupt in flames.


Message History

The adder is heavily wounded.
You barely miss the worm. The adder barely misses you.
You closely miss the adder.
The adder is heavily wounded.
You hit the worm. The adder barely misses you. The adder bites you.
You are poisoned.
The adder poisons you! The worm bites you.
You are too injured to fight recklessly!
You are too injured to fight recklessly!
You are too injured to fight recklessly!
You are too injured to fight recklessly!
You are too injured to fight recklessly!
You are too injured to fight recklessly!
You are too injured to fight recklessly!
You are too injured to fight recklessly!
Unknown command.
You hit the adder.
The adder is severely wounded.
You hit the worm.
You feel sick. The adder bites you but does no damage.
The worm barely misses you.
You slash the adder!
You kill the adder!
Lugonu accepts your kill.
You barely miss the worm.
You feel sick.
Unknown command.
You hit the worm.
The worm is heavily wounded.
You feel sick. The worm bites you.
* * * LOW HITPOINT WARNING * * *
You hit the worm. You headbutt the worm.
The worm is almost dead.
You feel sick. The worm bites you but does no damage.
You barely miss the worm.
The worm is severely wounded.
You feel sick.
You are no longer poisoned.
You barely miss the worm.
The worm is severely wounded.
The worm bites you!
You die...

#.# #.# .# #.# #.#
.# #># #.# .# #.#
#.# .# #.# #.# .#
#.# #.###)#
#.#####.##w.#
#.........@.#
#.#####.##........
#.# #.....)####.
#.# ######.# #.#
... #.# #### #.#
##### #.#
#...######### #.#
#........)..# ##


You could see a worm.

Vanquished Creatures
  An adder (D:2)
  A worm (D:2)
  2 ball pythons
  5 bats
  3 endoplasms (D:1)
  2 giant cockroaches (D:1)
  3 goblins
  4 hobgoblins (D:1)
  A jackal (D:2)
  A quokka (D:1)
  A frilled lizard (D:1)
  3 kobolds (D:1)
  A rat (D:1)
28 creatures vanquished.

Notes
Turn   | Place    | Note
-------+----------+-------------------------------------------
     0 | Abyss:1  | qeuew the Demonspawn Abyssal Knight began the quest for the
                  | Orb.
     0 | Abyss:1  | Reached XP level 1. HP: 18/18 MP: 2/2
    31 | Abyss:2  | Noticed a wretched star
    81 | Abyss:2  | Noticed a large abomination
    88 | Abyss:2  | Noticed an orange demon
    97 | D:1      | Escaped the Abyss
   142 | D:1      | Noticed a great orb of eyes
   144 | D:1      | Found a faded altar of an unknown god.
   146 | D:1      | Noticed a great orb of eyes
   152 | D:1      | Noticed an eye of devastation
   159 | D:1      | Reached skill level 1 in Dodging
   409 | D:1      | Gained mutation: You have a pair of small horns on your
                  | head. [demonic ancestry]
   409 | D:1      | Reached XP level 2. HP: 24/24 MP: 4/4
   816 | D:1      | Noticed a floating eye
  1329 | D:1      | Identified a scroll of acquirement
  1329 | D:1      | Acquired 750 gold pieces
  1356 | D:2      | Gained mutation: Your demonic aura sometimes causes spilled
                  | blood to erupt in flames. [demonic ancestry]
  1356 | D:2      | Reached XP level 3. HP: 29/29 MP: 5/5
  1492 | D:2      | Slain by a worm

Illustrated notes

Levels and vault maps discovered:
D:1:      saegor_arrival_simple_e, layout_basic,
          hellmonk_ecumenical_altar_watching_god
D:2:      layout_loops_ring, minmay_misc_feat_hallway, uniq_sigmund

Skill      XL: |  1  2 |
---------------+-------+-----
Dodging        | 1 |  1.4
Axes           | 2 |  2.2
Armour         | 2 |  2.2
Invocations    | 3 |  3.1
Fighting       | |  3.3

Action                   || total
-------------------------++-------
Melee: Hand axe          ||    95
       Headbutt          ||     5
       Punch             ||     1
  Use: Scroll            ||     4
       Potion            ||     2
 Stab: Sleeping          ||     2
Armor: Leather armour    ||    31
Dodge: Dodged            ||    70
